 Dungeon Sprint DCSS version 0.30.1-4-g462c640d31 (webtiles) character file.

Game seed: 8149695123195817873

1775 Heoruswealwe the Cleaver (level 9, 0/91 HPs)
             Began as a Hill Orc Fighter on Sept 9, 2023.
             Was the Champion of Zin.
             Slain by a hornet (13 damage)
             ... in the Dungeon (Sprint I: "Red Sonja").
             The game lasted 00:07:25 (725 turns).

Heoruswealwe the Cleaver (Hill Orc Fighter)          Turns: 725, Time: 00:07:26

Health: 0/91       AC: 12    Str: 23    XL:     9   Next: 7%
Magic:  9/9        EV:  9    Int:  8    God:    Zin [******]
Gold:   354        SH:  6    Dex: 10    Spells: 8/8 levels left

rFire   . . .        a - +0 war axe
rCold   . . .        d - +0 buckler
rNeg    . . .        c - +0 scale mail
rPois   .            g - +0 helmet
rElec   .            (no cloak)
rCorr   .            f - +0 pair of gloves
SInv    .            (no boots)
Will    .....        (no amulet) Stlth
                     (no ring)
HPRegen 0.35/turn    (no ring)
MPRegen 0.11/turn

%: no teleportation
@: lethally poisoned (0 -> -9), slowed, very slow
A: no striking features
a: Renounce Religion, Recite, Vitalisation, Imprison, Sanctuary, Donate Gold


You were in the Dungeon.
You worshipped Zin.
Zin was exalted by your worship.
You visited 1 branch You collected 488 gold pieces.
You spent 98 gold pieces at shops.
You donated 36 gold pieces to Zin.

Inventory:

Hand Weapons
 a - a +0 war axe (weapon)
Armour
 c - a +0 scale mail (worn)
 d - a +0 buckler (worn)
 f - a +0 pair of gloves (worn)
 g - a +0 helmet (worn)
Wands
 k - a wand of digging (4)
Scrolls
 j - a scroll of blinking
Potions
 b - a potion of brilliance {unknown}


   Skills:
 + Level 12.4 Fighting
 + Level 13.1 Axes
 + Level 11.4 Armour
 + Level 11.4 Shields


You had 8 spell levels left.
You didn't know any spells.
Your spell library contained the following spells:

 Spells                   Type           Power      Damage    Failure   Level
 Apportation              Tloc           0%         N/A       71%         1
 Necrotise                Necr           0%         1d4       71%         1
 Summon Small Mammal      Summ           0%         N/A       71%         1


Dungeon Overview and Level Annotations

Branches:
Dungeon (1/1)

Altars:
Cheibriados
Dithmenos
Elyvilon
Fedhas
Gozag
Hepliaklqana
Kikubaaqudgha
Makhleb
Nemelex Xobeh
Okawaru
Qazlal
Ru
Sif Muna
Trog
Uskayaw
Vehumet
Wu Jian
Xom
Yredelemnul
Zin
The Shining One
Jiyva
Lugonu

Shops:
D [


Message History

The hornet is heavily wounded.
You feel very sick. The hornet closely misses you.
The hornet stings you but does no damage.
You closely miss the hornet.
The hornet is heavily wounded.
You feel sick. The hornet stings you!
You feel as though you will be slow longer.
You block the hornet's attack.
You completely miss the hornet.
The hornet is heavily wounded.
You feel sick. The hornet stings you.
You feel as though you will be slow longer.
You block the hornet's attack.
You slash the hornet!
The hornet is severely wounded.
You feel sick. You block the hornet's attack. x2
You hit the hornet.
The hornet is almost dead.
You feel sick.
You are no longer poisoned.
The hornet stings you.
You feel as though you will be slow longer.
The hornet stings you!
* * * LOW HITPOINT WARNING * * *
You are poisoned.
You suddenly lose the ability to move!
You feel sick.
The hornet stings you but does no damage.
You feel sick. The hornet stings you!
* * * LOW HITPOINT WARNING * * *
You are more poisoned.
You feel as though you will be slow longer.
The hornet completely misses you.
You can move again.
You hit the hornet.
The hornet is almost dead.
You feel very sick. The hornet stings you!
You die...

##################
..)..#..'..#__#..+
..#..').#..'..'..#
####'#####'#__####
###..#...#)####§§# ##
__####..##)#§§§§§#§$#
_____##'#_)+~§§§@y§.#
_.∩...†..._#~§§§§#$$#
_..__##_.#'##+#### +#
_____###+#(#...[#
###### ####+###


You could see a hornet.

Vanquished Creatures
  2 centaur warriors (D)
  A slime creature (D)
  Sigmund (D)
  A yak (D)
  An ogre (D)
  A jelly (D)
  Ijyb (D)
8 creatures vanquished.

Notes
Turn   | Place    | Note
-------+----------+-------------------------------------------
     0 | D        | Heoruswealwe the Hill Orc Fighter began the quest for the
                  | Orb.
     0 | D        | Reached XP level 1. HP: 19/19 MP: 1/1
     1 | D        | Noticed Ijyb
    12 | D        | Killed Ijyb
    13 | D        | Reached skill level 5 in Fighting
    13 | D        | Reached skill level 4 in Axes
    13 | D        | Reached XP level 2. HP: 21/29 MP: 2/2
    13 | D        | Reached XP level 3. HP: 26/36 MP: 3/3
    52 | D        | Noticed an ogre
    58 | D        | Killed an ogre
    59 | D        | Reached skill level 6 in Axes
    59 | D        | Reached XP level 4. HP: 31/45 MP: 4/4
   138 | D        | Noticed Sigmund
   150 | D        | Killed Sigmund
   151 | D        | Reached skill level 8 in Axes
   151 | D        | Reached XP level 5. HP: 29/55 MP: 5/5
   151 | D        | Reached XP level 6. HP: 33/62 MP: 6/6
   247 | D        | Found an ornate altar of the Wu Jian Council.
   247 | D        | Found a shimmering blue altar of Sif Muna.
   249 | D        | Found a radiant altar of Vehumet.
   327 | D        | Found Itafuluje's Armour Emporium.
   327 | D        | Found an ancient bone altar of Kikubaaqudgha.
   327 | D        | Found a hazy altar of Hepliaklqana.
   327 | D        | Found a stormy altar of Qazlal.
   327 | D        | Found a hide-covered altar of Uskayaw.
   327 | D        | Found a blossoming altar of Fedhas.
   327 | D        | Found a bloodstained altar of Trog.
   327 | D        | Found an iron altar of Okawaru.
   327 | D        | Found a basalt altar of Yredelemnul.
   327 | D        | Found a glowing golden altar of the Shining One.
   327 | D        | Found a snail-covered altar of Cheibriados.
   327 | D        | Found a sacrificial altar of Ru.
   327 | D        | Found a glowing silver altar of Zin.
   327 | D        | Found a shadowy altar of Dithmenos.
   327 | D        | Found a white marble altar of Elyvilon.
   327 | D        | Noticed a yak
   332 | D        | Killed a yak
   333 | D        | Reached skill level 9 in Axes
   333 | D        | Reached XP level 7. HP: 70/70 MP: 7/7
   333 | D        | Found an opulent altar of Gozag.
   334 | D        | Found a sparkling altar of Nemelex Xobeh.
   339 | D        | Became a worshipper of Zin the Law-Giver
   339 | D        | Reached * piety under Zin
   339 | D        | Reached ** piety under Zin
   339 | D        | Reached *** piety under Zin
   339 | D        | Reached **** piety under Zin
   339 | D        | Reached ***** piety under Zin
   339 | D        | Reached ****** piety under Zin
   342 | D        | Bought a +0 pair of gloves for 49 gold pieces
   342 | D        | Bought a +0 helmet for 49 gold pieces
   363 | D        | Found a burning altar of Makhleb.
   363 | D        | Found a viscous altar of Jiyva.
   363 | D        | Found a shimmering altar of Xom.
   363 | D        | Found a corrupted altar of Lugonu.
   363 | D        | Noticed a slime creature
   374 | D        | Killed a slime creature
   375 | D        | Reached skill level 10 in Fighting
   375 | D        | Reached skill level 10 in Axes
   436 | D        | Noticed a centaur warrior
   436 | D        | Noticed a centaur warrior
   460 | D        | Killed a centaur warrior
   461 | D        | Reached skill level 12 in Axes
   461 | D        | Reached skill level 10 in Armour
   461 | D        | Reached skill level 10 in Shields
   461 | D        | Reached XP level 8. HP: 16/82 MP: 8/8
   464 | D        | Killed a centaur warrior
   465 | D        | Reached skill level 13 in Axes
   465 | D        | Reached XP level 9. HP: 7/91 MP: 9/9
   712 | D        | Noticed a hornet
   715 | D        | Paralysed by a hornet for 1 turns
   722 | D        | Paralysed by a hornet for 3 turns
   725 | D        | Slain by a hornet

Illustrated notes

Levels and vault maps discovered:
D:        dungeon_sprint_1 [red_sonja_temple_1, red_sonja_temple_small_1]

Skill      XL: |  1  2  3  4  5  6  7  8 |
---------------+-------------------------+-----
Fighting       | 5 6 8 9 11 12 | 12.4
Axes           | 4 6 8 9 12 13 | 13.1
Armour         | 4 6 7 8 10 11 | 11.4
Shields        | 4 6 7 8 10 11 | 11.4

Action                     |  1- 3 |  4- 6 |  7- 9 || total
---------------------------+-------+-------+-------++-------
  Melee: War axe           |    15 |    21 |    33 ||    69
  Evoke: Wand              |     1 |       |       ||     1
    Use: Potion            |     1 |       |     4 ||     5
 Armour: Scale mail        |     3 |     2 |    27 ||    32
  Dodge: Dodged            |     3 |     5 |    18 ||    26
  Block: Buckler           |     1 |     3 |    16 ||    20
